 Dungeon Sprint DCSS version 0.21.1-1-g345015f (webtiles) character file.

601 sexinstructor the Fighter (level 7, -2/54 HPs)
             Began as a Gargoyle Berserker on Apr 8, 2018.
             Was a Priest of Trog.
             Slain by Sonja
             ... wielding a +2 short sword of distortion
              (18 damage)
             ... in the Dungeon (Sprint I: "Red Sonja").
             The game lasted 00:04:22 (601 turns).

sexinstructor the Fighter (Gargoyle Berserker)       Turns: 601, Time: 00:04:23

Health: -2/54      AC:  7    Str: 23    XL:     7   Next: 41%
Magic:  7/7        EV: 12    Int:  7    God:    Trog [***...]
Gold:   336        SH:  0    Dex:  9    Spells: 6/6 levels left

rFire    . . .     SeeInvis .   a - +0 mace
rCold    . . .     Gourm    .   (no shield)
rNeg     + . .     Faith    .   b - +0 animal skin
rPois    ∞         Spirit   .   (no helmet)
rElec    +         Reflect  .   (no cloak)
rCorr    .         Harm     .   (no gloves)
MR       ++...     NoTele   +   (no boots)
Stlth    +++.......             (no amulet)
HPRegen  1.18/turn              (no ring)
MPRegen  0.10/turn              (no ring)

@: berserk cooldown, regenerating, slowed, very slow
A: negative energy resistance 1, electricity resistance, unbreathing,
petrification resistance, rot immunity, AC +4
a: Berserk, Trog's Hand, Burn Spellbooks, Renounce Religion


You were in the Dungeon.
You worshipped Trog.
Trog was most pleased with you.
You were very hungry.

You visited 1 branch You collected 336 gold pieces.

Inventory:

Hand Weapons
 a - a +0 mace (weapon)
Armour
 b - a +0 animal skin (worn)
Scrolls
 i - a scroll of blinking
 j - a scroll of remove curse {unknown}
Potions
 d - a potion of curing
 f - a potion of haste
 g - 2 potions of magic
 h - a potion of berserk rage
Comestibles
 c - 5 chunks of flesh


   Skills:
 + Level 11.2 Fighting
 + Level 11.0 Maces & Flails
 - Level 2.9 Armour
 - Level 2.1 Dodging
 * Level 5.4 Stealth


You had 6 spell levels left.
You didn't know any spells.

Dungeon Overview and Level Annotations

Branches:
Dungeon (1/1)

Altars:
Cheibriados
Dithmenos
Elyvilon
Fedhas
Gozag
Hepliaklqana
Kikubaaqudgha
Makhleb
Nemelex Xobeh
Okawaru
Qazlal
Ru
Sif Muna
Trog
Uskayaw
Vehumet
Wu Jian
Xom
Yredelemnul
Zin
The Shining One
Jiyva
Lugonu

Shops:
D *

Annotations:
D Sonja


Innate Abilities, Weirdness & Mutations

You are resistant to torment.
Your stone body is resilient. (AC +4)
You are immune to poison.
You resist negative energy. (rN+)
You are resistant to electric shocks. (rElec)
You can survive without breathing.
You are immune to petrification.
You are immune to rotting.


Message History

Space warps horribly around you! Sonja hits you but does no damage.
Space bends around you.
Sonja hits you with an uncursed short sword of distortion.
You feel a strange sense of stasis. Sonja hits you but does no damage.
Space warps horribly around you!
* * * LOW HITPOINT WARNING * * *
Sonja closely misses you.
Sonja hits you with an uncursed short sword of distortion.
* * * LOW HITPOINT WARNING * * *
You feel a strange sense of stasis.
You see here a curare-tipped needle.
You feel much better. Sonja hits you but does no damage.
Space bends around you. Sonja barely misses you. x2
Sonja hits you with an uncursed short sword of distortion.
You feel a strange sense of stasis.
Sonja hits you with an uncursed short sword of distortion.
* * * LOW HITPOINT WARNING * * *
You feel a strange sense of stasis. Sonja hits you but does no damage.
Space warps horribly around you!
You die...

#..'[.#..').#..'..+
#..#####'#####'#__#
#..####..#...#.####§
#..#__####..##§#§§§§
#..#_____##'#§.§§≈
#⌠⌠#_.∩...÷...§#
####_..__##_.#'#
#_____###K#(#
#########@### +(.$+
#$.$# ##.## #+#


You could see Sonja.

Vanquished Creatures
  A slime creature (D)
  Sigmund (D)
  A yak (D)
  An ogre (D)
  A jelly (D)
  Ijyb (D)
6 creatures vanquished.

Notes
Turn   | Place    | Note
-------+----------+-------------------------------------------
     0 | D        | sexinstructor the Gargoyle Berserker began the quest for the Orb.
     0 | D        | Reached XP level 1. HP: 14/14 MP: 1/1
     1 | D        | Noticed Ijyb
    10 | D        | Killed Ijyb
    10 | D        | Reached skill level 5 in Fighting
    10 | D        | Reached XP level 2. HP: 21/21 MP: 2/2
    10 | D        | Reached XP level 3. HP: 26/26 MP: 3/3
    36 | D        | Noticed an ogre
    45 | D        | Killed an ogre
    45 | D        | Reached XP level 4. HP: 30/34 MP: 4/4
   148 | D        | Noticed Sigmund
   167 | D        | Killed Sigmund
   167 | D        | Reached ** piety under Trog
   167 | D        | Reached XP level 5. HP: 11/42 MP: 5/5
   167 | D        | Reached XP level 6. HP: 12/48 MP: 6/6
   394 | D        | Found a burning altar of Makhleb.
   394 | D        | Found a viscous altar of Jiyva.
   394 | D        | Found a shimmering altar of Xom.
   394 | D        | Found a corrupted altar of Lugonu.
   394 | D        | Noticed a slime creature
   402 | D        | Killed a slime creature
   402 | D        | Reached skill level 10 in Fighting
   402 | D        | Reached skill level 10 in Maces & Flails
   402 | D        | Reached XP level 7. HP: 53/53 MP: 7/7
   455 | D        | Found an ornate altar of the Wu Jian Council.
   455 | D        | Found a deep blue altar of Sif Muna.
   457 | D        | Found a radiant altar of Vehumet.
   523 | D        | Found Teulilal's Assorted Antiques.
   523 | D        | Found an ancient bone altar of Kikubaaqudgha.
   523 | D        | Found a hazy altar of Hepliaklqana.
   523 | D        | Found a stormy altar of Qazlal.
   523 | D        | Found a hide-covered altar of Uskayaw.
   523 | D        | Found a blossoming altar of Fedhas.
   523 | D        | Found a bloodstained altar of Trog.
   523 | D        | Found an iron altar of Okawaru.
   523 | D        | Found a basalt altar of Yredelemnul.
   523 | D        | Found a glowing golden altar of the Shining One.
   523 | D        | Found a snail-covered altar of Cheibriados.
   523 | D        | Found a sacrificial altar of Ru.
   523 | D        | Found a glowing silver altar of Zin.
   523 | D        | Found a shadowy altar of Dithmenos.
   523 | D        | Found a white marble altar of Elyvilon.
   523 | D        | Noticed a yak
   529 | D        | Killed a yak
   529 | D        | Reached *** piety under Trog
   529 | D        | Reached skill level 5 in Stealth
   530 | D        | Found an opulent altar of Gozag.
   533 | D        | Found a sparkling altar of Nemelex Xobeh.
   586 | D        | Noticed Sonja
   600 | D        | HP: 1/54 [Sonja/uncursed short sword of distortion (3)]
   601 | D        | Slain by Sonja

Skill      XL: |  1  2  3  4  5  6  7 |
---------------+----------------------+-----
Fighting       | 5 7 9 10 11 | 11.2
Maces & Flails | 4 6 9 10 11 | 11.0
Dodging        | 2 |  2.1
Stealth        | 4 5 |  5.4
Armour         | |  2.9

Action                   |  1- 3 |  4- 6 |  7- 9 || total
-------------------------+-------+-------+-------++-------
Melee: Mace              |    15 |    19 |     7 ||    41
Invok: Berserk           |     2 |     2 |     3 ||     7
       Trog's Hand       |       |       |     1 ||     1
  Use: Potion            |       |       |     1 ||     1
  Eat: Chunk             |       |     1 |       ||     1
       Ration            |       |       |     1 ||     1
Armor: Animal skin       |     3 |       |     5 ||     8
Dodge: Dodged            |     6 |    11 |     6 ||    23
